[Event "November 21 Early 2023"]
[Site "https://www.chess.com"]
[Date "2023.11.21"]
[Round "1"]
[White "Kovalyov_Eduard"]
[Black "Mirzanurov, Bulat"]
[Result "0-1"]
[Board "205"]
[TimeControl "180+1"]
[BlackFideId "4184521"]
[WhiteElo "2563"]
[BlackElo "2005"]
[BlackTeam "RUS"]
[WhiteClock "0:00:09"]
[BlackClock "0:00:24"]

1. Nf3 d5 2. g3 Nf6 3. Bg2 c5 4. O-O e6 5. d3 Nc6 6. Nc3 g6 7. e4 Bg7 8. a4 O-O 9. Bf4 d4 10. Nb5 Ne8 11. Bg5 f6 12. Bd2 e5 13. Nh4 Be6 14. f4 a6 15. Na3 exf4 16. gxf4 f5 17. Qe1 Bf6 18. Nf3 Nc7 19. Nc4 fxe4 20. Qxe4 Bf5 21. Qe2 Re8 22. Nfe5 Nd5 23. Qf3 Nce7 24. a5 Qc7 25. b3 Kg7 26. Rfe1 Rad8 27. Qf2 Nc6 28. Nxc6 bxc6 29. Qg3 Ne3 30. Nxe3 dxe3 31. Bxe3 Rxe3 32. Rxe3 Bxa1 33. Qe1 Bd4 34. Kh1 Bxe3 35. Qxe3 Qd7 36. Qxc5 Qd6 37. Qc3+ Qf6 38. Qe1 Rd7 39. Bf3 Re7 40. Qf1 Qd4 41. Bxc6 Qc3 42. Qf3 Qxc2 43. Be4 Bxe4 44. dxe4 Rxe4 45. h4 Re1+ 46. Qf1 Rxf1# 0-1

[Event "November 21 Early 2023"]
[Site "https://www.chess.com"]
[Date "2023.11.21"]
[Round "1"]
[White "Onslow, Alfie"]
[Black "Ozates, Tuna"]
[Result "1-0"]
[Board "206"]
[TimeControl "180+1"]
[WhiteFideId "436976"]
[BlackFideId "6354521"]
[WhiteElo "2114"]
[BlackElo "2151"]
[WhiteTeam "ENG"]
[BlackTeam "TUR"]
[WhiteClock "0:00:03"]
[BlackClock "0:00:05"]

1. e4 c5 2. Nc3 a6 3. g3 b5 4. Bg2 Bb7 5. Nge2 e6 6. O-O Nc6 7. d4 cxd4 8. Nxd4 Nxd4 9. Qxd4 Nf6 10. e5 Bxg2 11. Kxg2 Ng8 12. Ne4 f5 13. Nd6+ Bxd6 14. Qxd6 Ne7 15. Bg5 h6 16. Bxe7 Qxe7 17. Rfd1 f4 18. c3 fxg3 19. hxg3 h5 20. a4 h4 21. axb5 Qf7 22. f3 g5 23. Rxa6 Rd8 24. Ra7 h3+ 25. Kf2 h2 26. Rh1 g4 27. Qd3 gxf3 28. b6 Qg7 29. Qe4 Rg8 30. g4 Qg5 31. Rxh2 Rf8 32. b7 Qd2+ 33. Kg3 Qxh2+ 34. Kxh2 f2 35. Qg6+ Ke7 36. Qg5+ Ke8 37. Qg6+ Rf7 38. Ra1 Ke7 39. Rf1 Rb8 40. Kg2 Rbf8 41. g5 Rf5 42. Qg7+ Kd8 43. b8=Q# 1-0

[Event "November 21 Early 2023"]
[Site "https://www.chess.com"]
[Date "2023.11.21"]
[Round "1"]
[White "Kiremitciyan, Ari"]
[Black "thisjuan"]
[Result "1-0"]
[Board "207"]
[TimeControl "180+1"]
[WhiteFideId "6373445"]
[WhiteElo "2180"]
[BlackElo "2237"]
[WhiteTeam "TUR"]
[WhiteClock "0:00:03"]
[BlackClock "0:00:00"]

1. Nf3 c5 2. c4 g6 3. Nc3 Nc6 4. g3 Bg7 5. Bg2 e6 6. h4 h5 7. d4 cxd4 8. Nb5 d5 9. Nbxd4 dxc4 10. Nxc6 Qxd1+ 11. Kxd1 bxc6 12. Ne5 Bb7 13. Nxc4 O-O-O+ 14. Kc2 Ba6 15. Na5 Bxe2 16. Nxc6 Rd6 17. Bf4 Bd3+ 18. Kb3 e5 19. Nxe5 Rb6+ 20. Kc3 Bf5 21. Rac1 Kb8 22. b3 Re6 23. Rhe1 Nh6 24. Kd2 Rd8+ 25. Nd3+ 1-0

[Event "November 21 Early 2023"]
[Site "https://www.chess.com"]
[Date "2023.11.21"]
[Round "1"]
[White "ilya2700"]
[Black "FREDERICKtheMATE"]
[Result "1/2-1/2"]
[Board "208"]
[TimeControl "180+1"]
[WhiteElo "2228"]
[BlackElo "2560"]
[WhiteClock "0:00:04"]
[BlackClock "0:00:50"]

1. d4 Nf6 2. c4 e6 3. Nf3 d5 4. Nc3 Be7 5. Bg5 O-O 6. e3 h6 7. Bh4 Ne4 8. Bxe7 Qxe7 9. cxd5 Nxc3 10. bxc3 exd5 11. Bd3 c5 12. O-O Nc6 13. h3 b6 14. Re1 Bb7 15. e4 dxe4 16. Bxe4 Qd6 17. Qa4 cxd4 18. cxd4 Na5 19. Bxb7 Nxb7 20. Re4 Rac8 21. Rae1 g6 22. Qxa7 Na5 23. Ne5 Rc2 24. a4 Qf6 25. Ng4 Qg5 26. Qxb6 h5 27. Qf6 Qxf6 28. Nxf6+ Kg7 29. Ne8+ Kh6 30. d5 Rd2 31. d6 Nb7 32. R1e2 Rd1+ 33. Re1 Rd2 34. R4e2 Rd5 35. h4 Nxd6 36. Nxd6 Rxd6 37. a5 Ra8 38. Ra1 Raa6 39. g3 Rd5 40. Rea2 Kg7 41. Kg2 Rf5 42. Ra4 Kf6 43. Rf4 Rxf4 44. gxf4 Kf5 45. Kf3 f6 46. Ra4 Ke6 47. Ke4 Kd6 48. Kd4 Ke6 49. Ke4 Kd6 50. f5 g5 51. hxg5 fxg5 52. Kf3 Ke5 53. Ke3 Kxf5 54. Kf3 g4+ 55. Kg3 Kg5 56. Kg2 h4 57. Kh2 Kf5 58. Kg2 Kg5 59. Kh2 g3+ 60. fxg3 hxg3+ 61. Kxg3 Kf5 62. Kf3 Ke5 63. Ke3 Kd5 64. Kd3 Kc5 65. Kc3 Kb5 66. Ra1 Rxa5 67. Rb1+ Kc6 68. Kc4 Rc5+ 69. Kd4 Rd5+ 70. Ke4 Rc5 71. Rh1 Rb5 72. Rh6+ Kb7 73. Kd4 Rb6 74. Rh7+ Ka6 75. Kc5 Rb5+ 76. Kc4 Rb6 77. Rh1 Rc6+ 78. Kd5 Rc2 79. Kd6 Kb5 80. Rb1+ Kc4 81. Rb8 Rd2+ 82. Ke5 Re2+ 83. Kf4 Re7 84. Rc8+ Kd3 85. Rc1 Rf7+ 86. Ke5 Ke3 87. Rc3+ Kd2 88. Ra3 Ke2 89. Ra2+ Ke3 90. Ra3+ Ke2 91. Ke6 Rf3 92. Ra2+ Ke3 93. Ke5 Rf8 94. Ra3+ Kf2 95. Ke4 Re8+ 96. Kf4 Ke2 97. Ra2+ Kd3 98. Ra3+ Kd4 99. Ra1 Rf8+ 100. Kg5 Ke3 101. Re1+ Kf2 102. Re7 Rf3 103. Kh4 Rg3 104. Rb7 Rg8 105. Rb2+ Kf3 106. Rb3+ Kf4 107. Rb4+ Kf3 108. Rb3+ Kg2 109. Kh5 Rg3 110. Rb2+ Kh3 111. Rb4 Rg8 112. Rh4+ Kg3 113. Ra4 Rh8+ 114. Kg6 Rg8+ 115. Kf5 Rf8+ 116. Kg6 Rf4 1/2-1/2

[Event "November 21 Early 2023"]
[Site "https://www.chess.com"]
[Date "2023.11.21"]
[Round "1"]
[White "Thorfinnsson, Bjorn"]
[Black "pinguino120"]
[Result "1-0"]
[Board "209"]
[TimeControl "180+1"]
[WhiteFideId "2300982"]
[WhiteElo "2381"]
[BlackElo "2228"]
[WhiteTeam "ISL"]
[WhiteClock "0:01:08"]
[BlackClock "0:00:16"]

1. d4 Nf6 2. Nf3 d5 3. Bg5 Ne4 4. e3 Nxg5 5. Nxg5 Bf5 6. f4 h6 7. Nf3 e6 8. Bd3 Bxd3 9. Qxd3 c5 10. c3 Nc6 11. Nbd2 Bd6 12. Ne5 Qb6 13. O-O-O Qc7 14. Kb1 O-O-O 15. Qb5 Kb8 16. Rhf1 f6 17. Nxc6+ Qxc6 18. Qxc6 bxc6 19. Nb3 c4 20. Nd2 c5 21. Nf3 Kc7 22. Rde1 f5 23. dxc5 Bxc5 24. Nd4 Bxd4 25. exd4 Kd6 26. Rf3 Rhe8 27. Rg3 Re7 28. Rg6 Rb8 29. h3 Rf8 30. Re3 a5 31. Kc1 a4 32. a3 Kd7 33. Re2 Rff7 34. Kd1 Rf8 35. Ke1 Rff7 36. Kf2 Rf8 37. Kf3 Rff7 38. g4 fxg4+ 39. hxg4 Rf6 40. Rxf6 gxf6 41. Rh2 Rh7 42. Ke3 Kd6 43. g5 fxg5 44. fxg5 h5 45. Kf4 Ke7 46. g6 Rh8 47. Kg5 Rb8 48. Rxh5 Rxb2 49. Rh7+ Kf8 50. Kf6 Rf2+ 51. Kxe6 Rf3 52. Rf7+ 1-0

[Event "November 21 Early 2023"]
[Site "https://www.chess.com"]
[Date "2023.11.21"]
[Round "1"]
[White "Kuchava, Ana"]
[Black "Nasir, Zehn"]
[Result "0-1"]
[Board "210"]
[TimeControl "180+1"]
[WhiteFideId "13605348"]
[BlackFideId "2613239"]
[WhiteElo "1950"]
[BlackElo "2004"]
[WhiteTeam "GEO"]
[BlackTeam "CAN"]
[WhiteClock "0:00:24"]
[BlackClock "0:01:30"]

1. d4 Nf6 2. Nf3 d5 3. c4 c6 4. Qb3 e6 5. Bg5 Be7 6. e3 O-O 7. Nc3 Ne4 8. Bxe7 Qxe7 9. Bd3 f5 10. Ne5 Nd7 11. f4 Qh4+ 12. g3 Nxg3 13. O-O-O Nxh1 14. Rxh1 Nxe5 15. fxe5 f4 16. e4 Qh3 17. Qc2 Qe3+ 18. Kb1 Qxd4 19. exd5 exd5 20. Bxh7+ Kh8 21. cxd5 cxd5 22. Re1 Be6 23. Nb5 Qb4 24. Nc3 Rac8 25. Qg6 Bf5+ 0-1

[Event "November 21 Early 2023"]
[Site "https://www.chess.com"]
[Date "2023.11.21"]
[Round "1"]
[White "Statham_l3"]
[Black "Jimenez Fernandez, Rebeca"]
[Result "1-0"]
[Board "211"]
[TimeControl "180+1"]
[BlackFideId "32070934"]
[WhiteElo "2559"]
[BlackElo "2015"]
[BlackTeam "ESP"]
[WhiteClock "0:00:22"]
[BlackClock "0:00:13"]

1. e4 g6 2. d4 Bg7 3. Nc3 d6 4. Bf4 a6 5. g4 b5 6. Bg2 Bb7 7. h4 Nf6 8. h5 Nbd7 9. h6 Bf8 10. g5 Nh5 11. Be3 e5 12. Rxh5 gxh5 13. Qxh5 Qe7 14. Nge2 O-O-O 15. d5 f6 16. a4 b4 17. Na2 a5 18. c3 bxc3 19. Nexc3 Qe8 20. Qe2 Qg6 21. Nb5 Nb6 22. Bxb6 cxb6 23. Qc4+ Kd7 24. Qc7+ Ke8 25. Qxb7 Bxh6 26. Nc7+ Ke7 27. Bh3 f5 28. Bxf5 Qxg5 29. Ne6+ Rd7 30. Qxd7+ Kxd7 31. Nxg5+ Ke7 32. Ne6 Rg8 33. Ke2 Rg1 34. Rxg1 1-0

[Event "November 21 Early 2023"]
[Site "https://www.chess.com"]
[Date "2023.11.21"]
[Round "1"]
[White "Dodaro, Mattia"]
[Black "Aggelis, Nikolaos"]
[Result "0-1"]
[Board "212"]
[TimeControl "180+1"]
[WhiteFideId "28583400"]
[BlackFideId "4213220"]
[WhiteElo "2223"]
[BlackElo "2187"]
[WhiteTeam "ITA"]
[BlackTeam "GRE"]
[WhiteClock "0:00:00"]
[BlackClock "0:01:38"]

1. Nf3 f5 2. d3 Nf6 3. Bg5 d5 4. g3 Nc6 5. d4 Ne4 6. Bf4 Be6 7. Nbd2 Bf7 8. Bg2 e6 9. h4 Bd6 10. Ne5 Nxe5 11. Bxe5 Bxe5 12. dxe5 O-O 13. O-O Bh5 14. Qe1 c6 15. Nb3 Qb6 16. Kh2 f4 17. gxf4 Rxf4 18. f3 Nc5 19. Qg3 Raf8 20. Bh3 Nxb3 21. Bxe6+ Kh8 22. axb3 Qe3 23. Rf2 Qxe5 24. Bh3 a6 25. Rg1 g6 26. Rfg2 Qxb2 27. c4 Qxb3 28. cxd5 Qxd5 29. Qe1 Qe5 30. Kh1 Qe7 31. Rg5 Qe3 32. Qa1+ Qd4 33. Qc1 R4f6 34. e3 Bxf3+ 35. Kh2 Qd6+ 0-1

[Event "November 21 Early 2023"]
[Site "https://www.chess.com"]
[Date "2023.11.21"]
[Round "1"]
[White "Avazkhonov, Alikhon"]
[Black "Cueto, Jonny"]
[Result "0-1"]
[Board "213"]
[TimeControl "180+1"]
[WhiteFideId "14208504"]
[BlackFideId "3300145"]
[WhiteElo "1739"]
[BlackElo "2155"]
[WhiteTeam "UZB"]
[BlackTeam "BOL"]
[WhiteClock "0:01:23"]
[BlackClock "0:01:39"]

1. d4 e6 2. c4 Nf6 3. Nc3 Bb4 4. f3 d5 5. a3 Bxc3+ 6. bxc3 O-O 7. cxd5 exd5 8. e3 Re8 9. Bd3 c6 10. Ne2 Nbd7 11. O-O Nf8 12. Ra2 Ng6 13. Ng3 Be6 14. Raf2 Qa5 15. Qc2 c5 16. e4 cxd4 17. cxd4 Rac8 18. Qb2 Qc3 0-1

[Event "November 21 Early 2023"]
[Site "https://www.chess.com"]
[Date "2023.11.21"]
[Round "1"]
[White "Valy02chess"]
[Black "Grunberg, Mihai-Lucian"]
[Result "0-1"]
[Board "214"]
[TimeControl "180+1"]
[BlackFideId "1204149"]
[WhiteElo "2215"]
[BlackElo "2363"]
[BlackTeam "ROU"]
[WhiteClock "0:00:00"]
[BlackClock "0:01:33"]

1. e4 c5 2. Nf3 d6 3. Bb5+ Nc6 4. O-O Nf6 5. Re1 Bd7 6. c3 g6 7. d4 cxd4 8. cxd4 a6 9. Bf1 e5 10. dxe5 dxe5 11. Nc3 Bg7 12. Bg5 O-O 13. Nd5 Be6 14. Nxf6+ Bxf6 15. Qxd8 Bxd8 16. Bh6 Re8 17. a3 Bg4 18. Nd2 Nd4 19. Rac1 Ba5 20. f3 Be6 21. b4 Bb6 22. Be3 Rac8 23. Bc4 Ba7 24. Bxe6 Rxc1 25. Rxc1 Ne2+ 26. Kf2 Nxc1 27. Bxf7+ Kxf7 28. Bxa7 Rc8 29. Bc5 Nd3+ 30. Ke3 Nxc5 31. bxc5 Rxc5 32. Kd3 b5 33. Nb3 Rc4 34. g3 Ra4 35. Nc5 Rxa3+ 36. Ke2 b4 37. f4 Ra2+ 38. Ke3 a5 39. fxe5 a4 40. e6+ Ke7 41. h4 b3 42. Kd3 Rc2 43. Nxa4 Rg2 44. Kc3 Rxg3+ 45. Kb2 Kxe6 46. Nc5+ Ke5 47. Nxb3 Kxe4 48. Nc5+ Kf4 49. Ne6+ Kf3 50. Nf8 h5 0-1

[Event "November 21 Early 2023"]
[Site "https://www.chess.com"]
[Date "2023.11.21"]
[Round "1"]
[White "Jovic, Stanoje"]
[Black "EdmundPlayer"]
[Result "1-0"]
[Board "215"]
[TimeControl "180+1"]
[WhiteFideId "905020"]
[WhiteElo "2249"]
[BlackElo "2212"]
[WhiteTeam "SRB"]
[WhiteClock "0:00:21"]
[BlackClock "0:00:00"]

1. c4 e5 2. g3 Nf6 3. Bg2 d5 4. cxd5 Nxd5 5. Nf3 Nc6 6. O-O Nb6 7. Nc3 Be7 8. d4 exd4 9. Nb5 d3 10. Qxd3 Qxd3 11. exd3 Nd5 12. Ng5 a6 13. Bxd5 axb5 14. Bxf7+ Kf8 15. Bd5 Nd4 16. Nf3 Ne2+ 17. Kg2 c6 18. Be4 Nxc1 19. Rfxc1 Be6 20. a3 Kf7 21. Ne5+ Kf6 22. f4 Bd6 23. d4 b4 24. a4 Bb3 25. a5 Ra7 26. a6 Rha8 27. Nd7+ Ke7 28. Nb6 Rb8 29. axb7 Rxa1 30. Nc8+ Kd7 31. Nb6+ Kc7 32. Rxc6+ Kxb7 33. Rxd6+ Ka7 34. Nd7 Ra2 35. Nxb8 Rxb2+ 36. Kf3 Kxb8 37. Rd7 Rxh2 38. Rb7+ Kc8 39. Rxb4 Bd1+ 40. Ke3 Re2+ 41. Kd3 Rf2 42. Rc4+ 1-0

[Event "November 21 Early 2023"]
[Site "https://www.chess.com"]
[Date "2023.11.21"]
[Round "1"]
[White "Quirke, Jeffrey"]
[Black "Kabanov, Nikolai"]
[Result "1-0"]
[Board "216"]
[TimeControl "180+1"]
[WhiteFideId "2013029"]
[BlackFideId "4127820"]
[WhiteElo "2210"]
[BlackElo "2318"]
[WhiteTeam "USA"]
[BlackTeam "RUS"]
[WhiteClock "0:00:16"]
[BlackClock "0:00:10"]

1. e4 c5 2. c3 e6 3. d4 cxd4 4. cxd4 d5 5. e5 Nc6 6. Nf3 Bd7 7. Bd3 Qb6 8. O-O Nxd4 9. Nbd2 Ne7 10. Re1 Nxf3+ 11. Nxf3 Ng6 12. h4 Bc5 13. Qe2 h6 14. h5 Ne7 15. a3 a5 16. Bf4 a4 17. Rac1 O-O 18. Bb1 Rfc8 19. Qd3 Nf5 20. Qd2 Bb5 21. g4 Nd4 22. Nxd4 Bxd4 23. Bxh6 gxh6 24. Qxh6 Bxf2+ 25. Kg2 Be3 26. Bh7+ Kh8 27. Rxe3 Qxe3 28. Qxe3 Kxh7 29. Rxc8 Rxc8 30. Qg5 Rc2+ 31. Kg3 Bd3 32. Qf6 Kg8 33. h6 Kf8 34. Qd8# 1-0

[Event "November 21 Early 2023"]
[Site "https://www.chess.com"]
[Date "2023.11.21"]
[Round "1"]
[White "Badelka, Olga"]
[Black "Florianovitz, Derlei Alex"]
[Result "1-0"]
[Board "217"]
[TimeControl "180+1"]
[WhiteFideId "13509926"]
[BlackFideId "2114178"]
[WhiteElo "2262"]
[BlackElo "1953"]
[WhiteTeam "FID"]
[BlackTeam "BRA"]
[WhiteClock "0:00:05"]
[BlackClock "0:00:00"]

1. c4 c5 2. Nf3 Nc6 3. Nc3 g6 4. e3 Bg7 5. d4 cxd4 6. exd4 d6 7. Be2 Nf6 8. d5 Nb8 9. O-O O-O 10. Be3 Bg4 11. Nd4 Bxe2 12. Qxe2 Nbd7 13. Rac1 Rc8 14. b3 a6 15. Rfe1 Re8 16. h3 Qa5 17. Qd2 h5 18. Bh6 Kh7 19. Bxg7 Kxg7 20. f4 b5 21. Nc6 Qb6+ 22. Kh1 e6 23. cxb5 axb5 24. dxe6 Rxe6 25. Rxe6 fxe6 26. Nd4 Re8 27. Re1 e5 28. Ndxb5 d5 29. fxe5 Nxe5 30. Qd4 Nf3 31. gxf3 Rxe1+ 32. Kg2 Qxd4 33. Nxd4 Rc1 34. Ncb5 Rd1 35. a4 Rb1 36. a5 Nd7 37. a6 Nb6 38. a7 Ra1 39. Ne6+ Kf6 40. Nec7 Ke5 41. h4 1-0

[Event "November 21 Early 2023"]
[Site "https://www.chess.com"]
[Date "2023.11.21"]
[Round "1"]
[White "Chemin, Justo Reinaldo"]
[Black "Khater, Sherif"]
[Result "0-1"]
[Board "218"]
[TimeControl "180+1"]
[WhiteFideId "2101580"]
[BlackFideId "2034280"]
[WhiteElo "1940"]
[BlackElo "2552"]
[WhiteTeam "BRA"]
[BlackTeam "USA"]
[WhiteClock "0:00:02"]
[BlackClock "0:02:16"]

1. d4 d5 2. c4 e6 3. Nc3 Nf6 4. Bg5 dxc4 5. e4 Be7 6. Nf3 a6 7. Bxc4 b5 8. Bd3 Bb7 9. Qe2 Nbd7 10. O-O h6 11. Bh4 O-O 12. Rac1 c5 13. Bg3 cxd4 14. Nxd4 Nc5 15. Bb1 Qxd4 16. Rcd1 Qc4 17. Qxc4 bxc4 18. Rfe1 Rfd8 19. Rc1 Nd3 20. Bxd3 cxd3 21. Rcd1 Bb4 22. f3 Bxc3 23. bxc3 Bc6 24. Rd2 Bb5 25. Red1 Bc4 26. Be5 Ra7 27. Kf2 Rb7 28. Ke3 Nd7 29. Bg3 e5 30. Rxd3 Bxd3 31. Rxd3 f6 32. f4 Rbb8 33. Rd6 exf4+ 34. Bxf4 Ne5 35. Bxe5 fxe5 36. Rxa6 Ra8 0-1

[Event "November 21 Early 2023"]
[Site "https://www.chess.com"]
[Date "2023.11.21"]
[Round "1"]
[White "Pham, Le Thao Nguyen"]
[Black "Nechitaylo_Nikita"]
[Result "1-0"]
[Board "219"]
[TimeControl "180+1"]
[WhiteFideId "12401226"]
[WhiteElo "2261"]
[BlackElo "2203"]
[WhiteTeam "VIE"]
[WhiteClock "0:01:09"]
[BlackClock "0:00:00"]

1. d4 Nf6 2. Nf3 e6 3. Bf4 d5 4. e3 Bd6 5. Bg3 O-O 6. Nbd2 c5 7. c3 Qc7 8. Ne5 Nbd7 9. f4 b6 10. Bd3 Bb7 11. Qf3 Ne4 12. Nxe4 dxe4 13. Bxe4 Bxe4 14. Qxe4 Nf6 15. Qf3 cxd4 16. exd4 Nd5 17. O-O Bxe5 18. fxe5 b5 19. a3 a5 20. Rac1 a4 21. Bh4 Qc4 22. Qg4 Ne3 23. Qg3 Nxf1 24. Rxf1 Kh8 25. h3 Qe2 26. Rf2 Qe1+ 27. Kh2 Qe4 28. Rf4 Qc2 29. Rf2 Qg6 30. Qe3 Kg8 31. Rf3 h5 32. Rg3 Qf5 33. Bf6 1-0

[Event "November 21 Early 2023"]
[Site "https://www.chess.com"]
[Date "2023.11.21"]
[Round "1"]
[White "kingapolak"]
[Black "Iskusnyh, Sergei"]
[Result "0-1"]
[Board "220"]
[TimeControl "180+1"]
[BlackFideId "4120027"]
[WhiteElo "2197"]
[BlackElo "2455"]
[BlackTeam "RUS"]
[WhiteClock "0:00:03"]
[BlackClock "0:00:32"]

1. e4 e6 2. d4 d5 3. Nd2 c5 4. exd5 exd5 5. Ngf3 Nc6 6. Bb5 cxd4 7. Nxd4 Bd7 8. Nxc6 bxc6 9. Bd3 Nf6 10. O-O Bd6 11. h3 O-O 12. Nf3 h6 13. c4 Re8 14. cxd5 cxd5 15. b3 Ne4 16. Bb2 Bc5 17. Nd4 Qb6 18. Bc2 Rad8 19. Rc1 Bc8 20. Bb1 Ba6 21. Re1 Bb4 22. Re3 Bd2 23. Rxe4 dxe4 24. Qxd2 Bd3 25. Bxd3 Rxd4 26. Qc3 exd3 27. Qxd4 Qxd4 28. Bxd4 d2 29. Rf1 Re1 30. Bc3 Rxf1+ 31. Kxf1 d1=Q+ 0-1

[Event "November 21 Early 2023"]
[Site "https://www.chess.com"]
[Date "2023.11.21"]
[Round "1"]
[White "Tologon tegin, Semetei"]
[Black "Mishra, Manoj"]
[Result "1-0"]
[Board "221"]
[TimeControl "180+1"]
[WhiteFideId "13800574"]
[BlackFideId "5006007"]
[WhiteElo "2258"]
[BlackElo "1847"]
[WhiteTeam "KGZ"]
[BlackTeam "IND"]
[WhiteClock "0:00:45"]
[BlackClock "0:00:09"]

1. c4 Nf6 2. g3 g6 3. Bg2 Bg7 4. Nc3 O-O 5. b3 d6 6. Bb2 e5 7. d3 c6 8. e3 Nbd7 9. Nge2 Nc5 10. d4 Ne6 11. O-O Ng5 12. h4 Ne6 13. Ba3 c5 14. dxe5 dxe5 15. Nd5 Nxd5 16. cxd5 Nc7 17. Bxc5 Re8 18. Rc1 e4 19. Nf4 h5 20. a4 Bg4 21. Qd2 Bf3 22. Ba3 Rc8 23. d6 Qd7 24. Bh3 f5 25. Nxg6 Na6 26. Qd5+ Kh7 27. Bxf5 1-0

[Event "November 21 Early 2023"]
[Site "https://www.chess.com"]
[Date "2023.11.21"]
[Round "1"]
[White "Osmonbekov, Talaibek"]
[Black "subham777"]
[Result "1-0"]
[Board "222"]
[TimeControl "180+1"]
[WhiteFideId "2017253"]
[WhiteElo "2135"]
[BlackElo "2550"]
[WhiteTeam "USA"]
[WhiteClock "0:00:57"]
[BlackClock "0:00:32"]

1. d4 d5 2. Bf4 Nf6 3. Nc3 a6 4. e3 c5 5. Nf3 e6 6. Ne5 Bd6 7. g4 Qb6 8. a3 cxd4 9. exd4 Nc6 10. Nc4 dxc4 11. Bxd6 Qxd4 12. Qxd4 Nxd4 13. O-O-O Nb5 14. Bxc4 Nxd6 15. Rxd6 Nxg4 16. Rg1 Nxf2 17. Rxg7 Kf8 18. Rg2 Nh3 19. Rd8+ Ke7 20. Rxh8 b5 21. Bd3 Bb7 22. Rxa8 Bxa8 23. Rg7 h5 24. Be4 Kf6 25. Rg8 Bxe4 26. Nxe4+ Ke5 27. Ng5 Nf4 28. Nxf7+ Kf6 29. Nd6 e5 30. Kd2 Ke6 31. Ne4 Kf5 32. Ke3 Nd5+ 33. Kf3 Ne7 34. Rg5+ Ke6 35. Rxh5 Nc6 36. c3 Na5 37. Rh6+ Kd5 38. Rxa6 Nc4 39. b3 1-0

[Event "November 21 Early 2023"]
[Site "https://www.chess.com"]
[Date "2023.11.21"]
[Round "1"]
[White "Tikhonov, Viacheslav"]
[Black "Essing, Arnold"]
[Result "1-0"]
[Board "223"]
[TimeControl "180+1"]
[WhiteFideId "44196407"]
[BlackFideId "4619862"]
[WhiteElo "2191"]
[BlackElo "2257"]
[WhiteTeam "RUS"]
[BlackTeam "GER"]
[WhiteClock "0:01:28"]
[BlackClock "0:00:41"]

1. e4 Nf6 2. Nc3 e5 3. Nf3 Nc6 4. Be2 d5 5. exd5 Nxd5 6. O-O Be7 7. h3 O-O 8. Bc4 Nb6 9. Bb3 Kh8 10. Re1 f6 11. a4 a5 12. d3 Nd7 13. d4 exd4 14. Nxd4 Nxd4 15. Qxd4 Nc5 16. Qxd8 Bxd8 17. Bc4 Bf5 18. Re2 c6 19. Be3 b6 20. Bf4 Ra7 21. Bd6 1-0

[Event "November 21 Early 2023"]
[Site "https://www.chess.com"]
[Date "2023.11.21"]
[Round "1"]
[White "campochess"]
[Black "aghasiyevkamal"]
[Result "1/2-1/2"]
[Board "224"]
[TimeControl "180+1"]
[WhiteElo "2186"]
[BlackElo "2547"]
[WhiteClock "0:00:42"]
[BlackClock "0:00:23"]

1. e4 e6 2. Qe2 c5 3. Nf3 Nc6 4. c3 d6 5. d4 cxd4 6. cxd4 Nf6 7. Nc3 e5 8. Be3 Be7 9. O-O-O Qa5 10. Kb1 Bg4 11. h3 Bh5 12. d5 Nb8 13. Qb5+ Qxb5 14. Bxb5+ Nbd7 15. g4 Bg6 16. Nd2 a6 17. Be2 Bd8 18. h4 h5 19. g5 Ng4 20. Bxg4 hxg4 21. Rdg1 Bb6 22. Nf1 Bxe3 23. Nxe3 Nc5 24. Rxg4 Kd7 25. f3 b5 26. Nf5 Rac8 27. Ng3 b4 28. Nd1 Bh5 29. Nxh5 Rxh5 30. Nf2 Rch8 31. Kc2 Kc7 32. Nd3 Nxd3 33. Kxd3 Kb6 34. f4 f6 35. fxe5 fxe5 36. Kc4 a5 37. Kb3 Kb5 38. a4+ bxa3 39. Kxa3 Rc8 40. Rh3 Rc4 41. Rb3+ Rb4 42. Rc3 Ra4+ 43. Kb3 Rb4+ 44. Ka3 Ra4+ 45. Kb3 Rb4+ 46. Ka3 1/2-1/2

[Event "November 21 Early 2023"]
[Site "https://www.chess.com"]
[Date "2023.11.21"]
[Round "1"]
[White "Herzog2012"]
[Black "Ferrufino, Boris"]
[Result "1-0"]
[Board "225"]
[TimeControl "180+1"]
[BlackFideId "3300170"]
[WhiteElo "2546"]
[BlackElo "2029"]
[BlackTeam "BOL"]
[WhiteClock "0:00:33"]
[BlackClock "0:00:44"]

1. e4 c5 2. Nf3 Nc6 3. d4 cxd4 4. Nxd4 e5 5. Nb5 d6 6. c4 Be6 7. N1c3 a6 8. Na3 Be7 9. Be2 Bg5 10. b3 Bxc1 11. Rxc1 Nge7 12. Nc2 Rc8 13. O-O O-O 14. Qd2 Qc7 15. Rfd1 Rfd8 16. Nd5 Bxd5 17. cxd5 Nb8 18. Ne3 Qb6 19. Bg4 Rxc1 20. Rxc1 Nd7 21. Nc4 Qd4 22. Qxd4 exd4 23. Bxd7 Rxd7 24. Nb6 Rd8 25. Rc7 Kf8 26. Rxb7 Nc8 27. Rb8 d3 28. Kf1 1-0

[Event "November 21 Early 2023"]
[Site "https://www.chess.com"]
[Date "2023.11.21"]
[Round "1"]
[White "seasidesunset"]
[Black "Shuvalov, Evgenij"]
[Result "0-1"]
[Board "226"]
[TimeControl "180+1"]
[BlackFideId "4187237"]
[WhiteElo "2164"]
[BlackElo "2059"]
[BlackTeam "FID"]
[WhiteClock "0:00:36"]
[BlackClock "0:00:49"]

1. e4 e6 2. Qe2 c5 3. c4 Nc6 4. Nc3 Nd4 5. Qd1 Ne7 6. g3 Nec6 7. Bg2 Nb4 8. Rb1 Nd3+ 9. Kf1 h5 10. Nge2 Qf6 11. f4 h4 12. Nxd4 Qxd4 13. Qf3 h3 14. Bxh3 Rxh3 15. Nb5 Qxc4 16. Nc7+ Kd8 17. Nxa8 b6 18. Kg2 Rh8 19. e5 Qa6 20. Qe2 Nxf4+ 21. gxf4 Qxe2+ 22. Kg3 0-1

[Event "November 21 Early 2023"]
[Site "https://www.chess.com"]
[Date "2023.11.21"]
[Round "1"]
[White "elmusmolamas"]
[Black "Hartikainen, Jarmo"]
[Result "1-0"]
[Board "227"]
[TimeControl "180+1"]
[BlackFideId "503134"]
[WhiteElo "2545"]
[BlackElo "2150"]
[BlackTeam "FIN"]
[WhiteClock "0:00:31"]
[BlackClock "0:00:00"]

1. e4 c5 2. Nf3 Nc6 3. d4 cxd4 4. Nxd4 Nf6 5. Nc3 d6 6. Be2 e5 7. Nb3 Be7 8. O-O Be6 9. Bf3 O-O 10. Re1 Rc8 11. Be3 a6 12. a4 Nb4 13. a5 Nd7 14. Qd2 b5 15. Rec1 Nc5 16. Nxb5 Nxb3 17. cxb3 d5 18. exd5 axb5 19. dxe6 Qxd2 20. Bxd2 fxe6 21. Rxc8 Rxc8 22. a6 Nxa6 23. Rxa6 Rc2 24. Be3 Rxb2 25. g3 Kf7 26. Bg4 Rxb3 27. Bxe6+ Kg6 28. Bxb3+ 1-0

[Event "November 21 Early 2023"]
[Site "https://www.chess.com"]
[Date "2023.11.21"]
[Round "1"]
[White "Semenova, Alina"]
[Black "Gavrilov, Maxim"]
[Result "0-1"]
[Board "228"]
[TimeControl "180+1"]
[WhiteFideId "24113875"]
[BlackFideId "24271454"]
[WhiteElo "1827"]
[BlackElo "2157"]
[WhiteTeam "RUS"]
[BlackTeam "RUS"]
[WhiteClock "0:00:00"]
[BlackClock "0:00:08"]

1. e4 c5 2. Nf3 d6 3. d4 cxd4 4. Nxd4 Nf6 5. Nc3 a6 6. f3 e5 7. Nb3 Be6 8. Be3 Be7 9. Qd2 O-O 10. O-O-O Nbd7 11. g4 b5 12. g5 b4 13. Ne2 Ne8 14. f4 a5 15. f5 a4 16. Nbd4 exd4 17. Nxd4 b3 18. Kb1 bxc2+ 19. Nxc2 Bb3 20. axb3 axb3 21. Na3 Ne5 22. h4 Ra5 23. Qg2 Qa8 24. f6 Nxf6 25. gxf6 Bxf6 26. Bg5 Bxg5 27. hxg5 Rc8 28. Bd3 Nxd3 29. Rxd3 Rxa3 30. bxa3 Rc2 31. Qxc2 bxc2+ 32. Kxc2 Qxe4 33. Ra1 Qa4+ 34. Kd2 Qf4+ 35. Kc2 Qxg5 36. a4 Qa5 37. Rb3 h5 38. Rb5 Qc7+ 39. Kd2 Qc4 40. Rc1 Qxa4 41. Rc8+ Kh7 42. Rxh5+ Kg6 43. Rh3 Qa2+ 44. Rc2 Qa5+ 45. Rhc3 d5 46. Ke2 d4 47. Rd3 Qh5+ 48. Kd2 Qh2+ 49. Kc1 Qf4+ 50. Kb2 f6 51. Rcd2 Qb8+ 52. Kc2 Qc7+ 53. Kd1 Kf5 54. Rxd4 g5 55. R4d3 g4 56. Rf2+ Kg5 57. Rd5+ Kh4 58. Rd4 Qe5 59. Rff4 f5 60. Kd2 Kg3 0-1